 Dungeon Crawl Stone Soup version 0.16.2-12-gd0ad4c3 (webtiles) character file.

690 Seneschal the Gusty (level 7, 0/37 HPs)
             Began as a Tengu Air Elementalist on Sept 22, 2015.
             Was an Initiate of Vehumet.
             Succumbed to a worker ant's poison
             ... on level 6 of the Dungeon.
             The game lasted 00:27:03 (5480 turns).

Seneschal the Gusty (Tengu Air Elementalist)        Turns: 5480, Time: 00:27:03

Health: 0/37       AC:  2    Str:  8    XL:     7   Next: 63%
Magic:  7/18       EV: 14    Int: 18    God:    Vehumet [......]
Gold:   252        SH:  0    Dex: 14    Spells: 4 memorised, 7 levels left

rFire  . . .     SeeInvis .     (no weapon)
rCold  . . .     Clarity  .     j - +0 robe {rN+}
rNeg   + . .     SustAb   .     (no shield)
rPois  .         Gourm    .     (helmet restricted)
rElec  .         Spirit   .     (no cloak)
rCorr  .         Warding  .     (no gloves)
rMut   .         Stasis   .     (boots unavailable)
MR     .....                    (no amulet)
Stlth  ++........               (no ring)
                                d - ring of flight

@: lethally poisoned (0 -> -2), swift, very slightly contaminated, repel
missiles, quick, not resistant to hostile enchantments, unstealthy
A: able to fly, beak, talons 3
a: Fly, Renounce Religion, Evoke Flight


You were on level 6 of the Dungeon.
You worshipped Vehumet.
Vehumet was noncommittal.
You were near starving.

You visited 2 branches of the dungeon, and saw 7 of its levels.

You collected 252 gold pieces.

Inventory:

Armour
 a - a +0 robe
 j - a +0 robe of positive energy (worn)
 u - a +0 helmet
Jewellery
 d - a ring of flight (left hand)
Magical devices
 g - a wand of digging (11)
 n - a wand of polymorph (4)
Scrolls
 f - 6 scrolls of identify
 h - 2 scrolls of enchant armour {unknown}
 i - 2 scrolls of recharging {unknown}
 k - a scroll of magic mapping
 q - a scroll of immolation {unknown}
 t - a scroll of blinking {unknown}
 v - a scroll of amnesia {unknown}
 x - 2 scrolls of remove curse {unknown}
Potions
 e - 2 potions of magic
 l - a potion of haste {unknown}
 o - a potion of invisibility {unknown}
 p - a potion of agility {unknown}
 r - a potion of brilliance {unknown}
 s - a potion of poison {unknown}
 z - a potion of might {unknown}
 A - a potion of curing {unknown}
Books
 b - a book of Air

   Spells                             Type                      Level
   a - Shock                          Conjuration/Air              1
   b - Swiftness                      Charms/Air                   2
   c - Repel Missiles                 Charms/Air                   2
   d - Flight                         Charms/Air                   3
   e - Static Discharge               Conjuration/Air              3
   f - Lightning Bolt                 Conjuration/Air              5
Comestibles
 c - 4 bread rations
 m - 4 meat rations
 w - 2 fruits


   Skills:
 + Level 0.4 Fighting
 * Level 4.1 Dodging
 - Level 2.0 Stealth
 + Level 0.7 Unarmed Combat
 * Level 4.5 Spellcasting
 * Level 5.4 Conjurations
 + Level 6.3 Air Magic
 + Level 0.7 Evocations


You had 7 spell levels left.
You knew the following spells:

 Your Spells              Type           Power        Failure   Level  Hunger
a - Shock                 Conj/Air       ####         1%          1    None
b - Repel Missiles        Chrm/Air       ###...       8%          2    #......
c - Static Discharge      Conj/Air       ####....     3%          3    ###....
d - Swiftness             Chrm/Air       ###.....     8%          2    #......


Dungeon Overview and Level Annotations

Branches:
Dungeon (6/15)             Temple (1/1) D:4

Altars:
Ashenzari
Cheibriados
Dithmenos
Elyvilon
Fedhas
Gozag
Nemelex Xobeh
Okawaru
Qazlal
Sif Muna
Vehumet
Xom
Zin
The Shining One

Shops:
D:5 [


Innate Abilities, Weirdness & Mutations

You can fly.
You have a beak for a mouth.
You have claws for feet.


Message History

Confirm with . or Enter, or press ? or * to list all spells.
You miscast Swiftness.
You are very lightly contaminated with residual magic.
You hear a whooshing sound.
The hippogriff bites you! The hippogriff closely misses you.
The hippogriff claws you.
Casting: Swiftness
Confirm with . or Enter, or press ? or * to list all spells.
You feel quick.
You feel sick. The hippogriff bites you!
* * * LOW HITPOINT WARNING * * *
The hippogriff pecks you but does no damage.
The hippogriff claws you!
* * * LOW HITPOINT WARNING * * *
An orc and an ogre come into view.
A necrophage comes into view.
Found a scroll of teleportation.
An orc wizard comes into view. It is wielding a dagger.
The orc wizard shouts!
The ogre shouts!
A necrophage comes into view.
You die...

#. ######### .##.
#......... #....##
#.........# .#....#
#.........# ......#
####.........#
.###..#####............#
.............H..@.....?#
#.###...######.........#
.....$....## #..<......#
.#..<......#...........#
#..#..................#
##............O...####
#.............n..#
##............o..#
#............on


You could see a hippogriff, an ogre, 2 necrophages, an orc wizard and an orc
(wandering).

Vanquished Creatures
  A porcupine (D:4)
  A centaur (D:5)
  A phantom (D:4)
  Sigmund (D:4)
  A crimson imp (D:5)
  An iguana (D:4)
  A worker ant (D:6)
  An orc wizard (D:5)
  A worker ant zombie (D:5)
  7 adders
  5 gnolls
  2 giant mites (D:4)
  A worm (D:2)
  2 giant geckos (D:3)
  2 oozes
  13 orcs
  7 giant cockroaches
  6 goblins
  10 hobgoblins
  4 jackals (D:1)
  9 kobolds
  2 ball pythons
  12 bats
  4 giant newts
  A jackal zombie (D:5)
  2 quokka skeletons (D:5)
  9 rats
  3 butterflies (D:4)
110 creatures vanquished.

Notes
Turn   | Place    | Note
--------------------------------------------------------------
     0 | D:1      | Seneschal, the Tengu Air Elementalist, began the quest for the Orb.
     0 | D:1      | Reached XP level 1. HP: 10/10 MP: 3/3
   121 | D:1      | Reached XP level 2. HP: 15/15 MP: 1/5
   125 | D:1      | Learned a level 2 spell: Repel Missiles
   557 | D:1      | Reached XP level 3. HP: 19/19 MP: 3/7
  1096 | D:2      | Reached skill level 5 in Air Magic
  1096 | D:2      | Reached XP level 4. HP: 21/24 MP: 1/9
  1312 | D:2      | Reached XP level 5. HP: 12/28 MP: 1/11
  1659 | D:2      | Learned a level 3 spell: Static Discharge
  2996 | D:4      | Noticed Sigmund
  3039 | D:4      | Killed Sigmund
  3039 | D:4      | Reached XP level 6. HP: 6/32 MP: 9/15
  3104 | D:4      | Learned a level 2 spell: Swiftness
  3143 | D:4      | Noticed Blork the orc
  3193 | D:5      | Entered Level 5 of the Dungeon
  3439 | D:4      | Noticed a phantom
  3464 | D:4      | Killed a phantom
  3725 | D:4      | Found an opulent altar of Gozag.
  3755 | D:4      | Noticed Blork
  3755 | D:4      | Blork the orc changed into Blork the porcupine
  3760 | D:4      | Killed Blork the porcupine
  3760 | D:4      | Reached XP level 7. HP: 20/36 MP: 11/17
  3777 | D:4      | Reached skill level 6 in Air Magic
  3841 | D:4      | Reached skill level 5 in Conjurations
  3994 | D:4      | Found a deep blue altar of Sif Muna.
  4033 | D:4      | Found a staircase to the Ecumenical Temple.
  4043 | Temple   | Entered the Ecumenical Temple
  4176 | Temple   | Became a worshipper of Vehumet
  4355 | D:5      | Found Pluahueg's Armour Shoppe.
  4661 | D:5      | Found a sparkling altar of Nemelex Xobeh.
  4993 | D:5      | Found a blossoming altar of Fedhas.
  5459 | D:6      | Noticed a hippogriff
  5475 | D:6      | HP: 1/37 [hippogriff (7)]
  5480 | D:6      | Succumbed to a worker ant's poison

Action                   |  1- 3 |  4- 6 |  7- 9 || total
-------------------------+-------+-------+-------++-------
Melee: Unarmed           |    19 |     9 |     8 ||    36
 Cast: Shock             |    64 |   124 |    59 ||   247
       Repel Missiles    |       |     1 |       ||     1
       Swiftness         |       |     2 |     3 ||     5
       Static Discharge  |       |       |     6 ||     6
Evoke: Wand              |       |     5 |       ||     5
  Use: Potion            |       |     3 |     1 ||     4
       Scroll            |       |     7 |       ||     7
  Eat: Chunk             |     1 |     4 |     1 ||     6
       Pizza             |       |     2 |       ||     2
       Fruit             |       |     2 |     2 ||     4
       Beef jerky        |       |       |     1 ||     1
